cohdb
Replays
Latest Replays
All Replays
Popular Replays
Top Player Replays
Match Explorer
How It Works
Community
CoH3 Stats
Reddit
Sign in to upload your games and track your stats! →
Sign in with Steam
Match 28558823
Unlisted
Match 28558823
Overview
Messages
Build Orders
End
Construct Barracks
Riflemen Squad
Riflemen Squad
Riflemen Squad
M1 Mortar Team
Grenade Package
Infantry Support Center
Construct Weapon Support Center
M1918 Browning Automatic Rifles
M3 Armored Personnel Carrier
Selects Armored Battlegroup
Selects Veteran Crews
Construct Tank Depot
Engineer Squad
Riflemen Squad
M18 Hellcat Tank Destroyer
Selects Strength in Steel
Selects Seek and Destroy
Selects UNKNOWN (2160077)
Riflemen Squad
Engineer Squad
Construct Motor Pool
M1 Anti-tank Gun Team
Selects Field Repairs
Selects War Machine
M4A3E8 Sherman Easy Eight
123
Cobweb
Sk8erGirl
AJD209
Friendly Mouse(Poxie)
gameing
OOOY
The King In Yellow
0
0
Comments
sign in to comment!
No comments posted yet!